 Dungeon Sprint DCSS version 0.21.1-72-gffa868e0fe (webtiles) character file.

0 Pisosu the Covered (level 2, 28/29 HPs)
             Began as a Minotaur Fighter on Aug 3, 2018.
             Quit the game in the Dungeon (Sprint VI: "Thunderdome").
             The game lasted 00:00:34 (22 turns).

Pisosu the Covered (Minotaur Fighter)                 Turns: 22, Time: 00:00:35

Health: 28/29      AC:  7    Str: 20    XL:     2   Next: 86%
Magic:  1/1        EV:  7    Int:  5    God:
Gold:   200        SH:  9    Dex:  9    Spells: 1/1 levels left

rFire    . . .     SeeInvis .   a - +0 war axe
rCold    . . .     Gourm    .   c - +0 shield
rNeg     . . .     Faith    .   b - +0 scale mail
rPois    .         Spirit   .   (helmet restricted)
rElec    .         Reflect  .   (no cloak)
rCorr    .         Harm     .   (no gloves)
MR       .....     NoTele   +   (no boots)
Stlth    ..........             (no amulet)
HPRegen  0.09/turn              (no ring)
MPRegen  0.07/turn              (no ring)

@: no status effects
A: retaliatory headbutt, horns 2
a: no special abilities


You were in the Dungeon.
You were not hungry.

You visited 1 branch You collected 200 gold pieces.

Inventory:

Hand Weapons
 a - a +0 war axe (weapon)
Armour
 b - a +0 scale mail (worn)
 c - a +0 shield (worn)
Wands
 m - a wand of acid (5)
 n - a wand of iceblast (5)
Scrolls
 k - 4 scrolls of blinking
 o - 3 scrolls of fog
Potions
 d - a potion of might
 e - a potion of curing
 g - 4 potions of heal wounds
 h - 4 potions of haste
 i - 2 potions of magic
 j - a potion of berserk rage
 l - a potion of resistance
Comestibles
 f - a ration


   Skills:
 + Level 5.2 Fighting
 + Level 3.2 Axes
 + Level 5.3 Armour
 + Level 5.2 Shields


You had one spell level left.
You didn't know any spells.

Dungeon Overview and Level Annotations

Branches:
Dungeon (1/1)

Altars:
Dithmenos
Gozag
Kikubaaqudgha
Sif Muna
Trog
Jiyva
Lugonu

Shops:
D ??:(


Innate Abilities, Weirdness & Mutations

You reflexively headbutt those who attack you in melee.
You have a pair of horns on your head.


Message History

The puff of flame hits you! You block the orc wizard's attack.
Your shield and scale mail prevent you from hitting the orc wizard.
You headbutt the orc wizard, but do no damage.
You block the orc wizard's attack.
The orc wizard hits you but does no damage.
You completely miss the orc wizard. You headbutt the orc wizard.
The orc wizard is heavily wounded.
The orc wizard hits you with a dagger.
You barely miss the orc wizard. You headbutt the orc wizard.
The orc wizard is severely wounded.
You block the orc wizard's attack.
You slash the orc wizard!
You kill the orc wizard!
Your Fighting skill gained 2 levels and is now at level 5!
Your Axes skill increases to level 3!
Your Armour skill gained 2 levels and is now at level 5!
Your Shields skill gained 2 levels and is now at level 5!
You have reached level 2!
Are you sure you want to abandon this character and quit the game? (Confirm with "yes".)

##⌠⌠⌠## #.....#
##.....##
##∩.....∩##
#∩.......∩#
#_......._#
#_...)....#
#....@..._#
###.........###
#⌠..........†⌠#
#.8.........8.###
......###......___
....8. #.8........
......###...........
...###...###........
... #.<.# #........


There were no monsters in sight!

Vanquished Creatures
  An orc wizard (D)
  A giant cockroach (D)
2 creatures vanquished.

Notes
Turn   | Place    | Note
-------+----------+-------------------------------------------
     0 | D        | Pisosu the Minotaur Fighter began the quest for the Orb.
     0 | D        | Reached XP level 1. HP: 19/19 MP: 0/0
     1 | D        | Found a shadowy altar of Dithmenos.
     1 | D        | Found a corrupted altar of Lugonu.
     2 | D        | Found a deep blue altar of Sif Muna.
     3 | D        | Found a viscous altar of Jiyva.
     3 | D        | Found an opulent altar of Gozag.
     4 | D        | Found a bloodstained altar of Trog.
     4 | D        | Found Heqatokk's Staff Store.
     4 | D        | Found Xammist's Magic Scroll Shop.
     5 | D        | Found an ancient bone altar of Kikubaaqudgha.
     5 | D        | Found Quton's Must-Have Magic.
     5 | D        | Found Cogiosucs's Magic Scroll Shop.
     5 | D        | Round 1.
    12 | D        | Noticed an orc wizard
    21 | D        | Killed an orc wizard
    21 | D        | Reached skill level 5 in Fighting
    21 | D        | Reached skill level 5 in Armour
    21 | D        | Reached skill level 5 in Shields
    21 | D        | Reached XP level 2. HP: 28/29 MP: 1/1
    22 | D        | Quit the game

Skill      XL: |  1 |
---------------+----+-----
Fighting       | 5 |  5.2
Axes           | 3 |  3.2
Armour         | 5 |  5.3
Shields        | 5 |  5.2

Action                   || total
-------------------------++-------
Melee: War axe           ||     5
       Headbutt          ||     3
Armor: Scale mail        ||     2
Dodge: Dodged            ||     1
Block: Shield            ||     3
